 Dungeon Crawl Stone Soup version 0.30-a0-862-g1aabd4f9c5 (webtiles) character file.

Game seed: 9856316864112265328

72706 112233 the Zephyrmancer (level 15, -10/148 HPs)
             Began as a Naga Air Elementalist on Mar 8, 2023.
             Was an Initiate of Gozag.
             Collided with a metal wall (17 damage)
             ... caused by a deep elf knight
             ... on level 1 of the Elven Halls on Mar 9, 2023.
             The game lasted 00:43:06 (46684 turns).

112233 the Zephyrmancer (Naga Air Elementalist)    Turns: 46684, Time: 00:43:07

Health: -10/148    AC: 15    Str:  7    XL:     15   Next: 40%
Magic:  14/41      EV: 18    Int: 22    God:    Gozag
Gold:   2481       SH:  0    Dex: 15    Spells: 21/40 levels left

rFire   + + +      SeeInvis +    F - +8 mace "Dutu" {freeze, Fly rF+++ Will+++ Str-4}
rCold   + . .      Faith    .    (no shield)
rNeg    . . .      Spirit   .    W - +2 robe
rPois   +          Reflect  .    L - +0 helmet
rElec   +          Rampage  .    t - scarf {+Inv}
rCorr   +                        q - +1 pair of gloves {Dex+3}
Will    ++++.                    i - +0 barding
Stlth   ++                       (no amulet)
HPRegen 0.44/turn                e - ring of magical power
MPRegen 0.27/turn                A - +5 ring of evasion

@: mighty, resistant, gold aura, flying, hasted, quick
A: AC +5, large, see invisible, deformed body, poison resistance, slowness 2,
spit poison 1, naga tail 2
a: Spit Poison, Renounce Religion, Evoke Invisibility, Potion Petition, Call
Merchant, Bribe Branch


You were on level 1 of the Elven Halls.
You worshipped Gozag.
Gozag was most pleased with you.
You visited 5 branches of the dungeon, and saw 24 of its levels.

You collected 6558 gold pieces.
You spent 2358 gold pieces at shops.
You paid 1719 gold pieces to Gozag.

Inventory:

Hand Weapons
 a - the +2 quarterstaff "Tesostra" {heavy, rF+ Str+5 Dex-4}
   (You bought it in a shop on level 2 of the Orcish Mines)

   Str:       It affects your strength (+5).
   Dex:       It affects your dexterity (-4).
   rF:        It protects you from fire.
 z - the +2 dagger of the Solstice {vamp, rC+}
   (You found it on level 4 of the Dungeon)

   rC:        It protects you from cold.
 F - the +8 mace "Dutu" (weapon) {freeze, Fly rF+++ Will+++ Str-4}
   (You took it off an orc on level 5 of the Dungeon)

   Str:       It affects your strength (-4).
   rF:        It renders you almost immune to fire.
   Fly:       It grants you flight.
   Will:      It greatly increases your willpower.
Missiles
 D - 4 throwing nets
Armour
 i - a +0 barding (worn)
 o - a +2 buckler
 q - a +1 pair of gloves of dexterity (worn)
 t - a scarf of invisibility (worn)
 L - a +0 helmet (worn)
 W - a +2 robe (worn)
Magical Staves
 l - a staff of death
Jewellery
 e - a ring of magical power (left hand)
 f - an amulet of regeneration
 y - a ring of wizardry
 A - a +5 ring of evasion (right hand)
 B - a ring of willpower
 V - a ring of magical power
 Y - a +4 ring of protection
Wands
 E - a wand of digging (3)
 K - a wand of mindburst (37) (quivered)
 Q - a wand of iceblast (12)
 R - a wand of paralysis (6)
Scrolls
 c - 9 scrolls of amnesia
 j - a scroll of vulnerability
 k - 9 scrolls of fog
 n - 4 scrolls of magic mapping
 w - 3 scrolls of immolation
 x - a scroll of blinking
 G - 4 scrolls of enchant armour
 H - 6 scrolls of fear
 J - 4 scrolls of noise
 M - 2 scrolls of poison {unknown}
 N - a scroll of acquirement {unknown}
 O - 3 scrolls of summoning
 U - a scroll of enchant weapon {unknown}
Potions
 b - 2 potions of magic
 d - 5 potions of mutation
 g - 4 potions of cancellation
 h - 4 potions of flight
 m - 6 potions of lignification
 p - a potion of might {unknown}
 r - 2 potions of heal wounds
 s - a potion of degeneration
 u - 2 potions of haste {unknown}
 v - 6 potions of attraction {unknown}
 C - 3 potions of invisibility {unknown}
 I - 2 potions of berserk rage {unknown}
 P - 5 potions of curing
 S - 5 potions of brilliance {unknown}
 T - a potion of ambrosia {unknown}
Miscellaneous
 X - a tin of tremorstones (inert)
 Z - a lightning rod (inert)


   Skills:
 + Level 13.5 Fighting
 + Level 11.6 Dodging
 - Level 3.0 Stealth
 + Level 13.0 Spellcasting
 - Level 1.0 Conjurations
 + Level 0.6 Transmutations
 + Level 13.8 Air Magic


You had 21 spell levels left.
You knew the following spells:

 Your Spells              Type           Power      Damage    Failure   Level
a - Shock                 Conj/Air       100%       1d9       1%          1
b - Static Discharge      Conj/Air       94%        2-6/arc   1%          2
c - Airstrike             Air            33%        2d(5-21)  1%          4
d - Swiftness             Air            66%        N/A       1%          3
e - Passwall              Tmut/Erth      12%        N/A       6%          2
f - Storm Form            Tmut/Air       23%        N/A       88%         7

Your spell library contained the following spells:

 Spells                   Type           Power      Damage    Failure   Level
 Poisonous Vapours        Pois/Air       88%        N/A       1%          2
 Foxfire                  Conj/Fire      64%        2x1d7     3%          1
 Sting                    Tmut/Pois      60%        1d6       3%          1
 Momentum Strike          Conj/Tloc      32%        3d8       5%          2
 Ensorcelled Hibernation  Hex/Ice        28%        N/A       7%          2
 Scorch                   Fire           28%        2d6       7%          2
 Stone Arrow              Conj/Erth      32%        3d9       11%         3
 Call Canine Familiar     Summ           14%        N/A       13%         3
 Frozen Ramparts          Ice            28%        1d5       13%         3
 Ozocubu's Armour         Ice            14%        N/A       13%         3
 Portal Projectile        Hex/Tloc       28%        N/A       13%         3
 Sticky Flame             Conj/Fire      16%        2d4       34%         4
 Ice Form                 Ice/Tmut       15%        N/A       36%         4
 Animate Armour           Summ/Erth      28%        N/A       41%         4
 Leda's Liquefaction      Hex/Erth       7%         N/A       41%         4
 Manifold Assault         Tloc           14%        N/A       41%         4
 Olgreb's Toxic Radiance  Pois           14%        N/A       41%         4
 Summon Ice Beast         Ice/Summ       14%        N/A       41%         4
 Fireball                 Conj/Fire      8%         3d6       69%         5
 Alistair's Intoxication  Tmut/Pois      10%        N/A       71%         5
 Borgnjor's Vile Clutch   Necr/Erth      7%         N/A       77%         5
 Metabolic Englaciation   Hex/Ice        7%         N/A       77%         5
 Summon Forest            Summ/Tloc      7%         N/A       77%         5
 Summon Mana Viper        Hex/Summ       14%        N/A       77%         5
 Eringya's Noxious Bog    Tmut/Pois      7%         N/A       99%         6
 Starburst                Conj/Fire      8%         6d4       99%         6
 Monstrous Menagerie      Summ           7%         N/A       100%        7
 Ozocubu's Refrigeration  Ice            7%         4d9       100%        7
 Ignition                 Fire           7%         3d4       100%        8
 Lehudib's Crystal Spear  Conj/Erth      8%         10d3      100%        8
 Necromutation            Tmut/Necr      7%         N/A       100%        8
 Simulacrum               Ice/Necr       Unusable   N/A       N/A         6

Dungeon Overview and Level Annotations

Branches:
Dungeon (15/15)            Temple (1/1) D:7            Lair (5/5) D:11
  Swamp (0/4) Lair:3        Snake (0/4) Lair:2        Slime (0/5) Lair:5
    Orc (2/2) D:11            Elf (1/3) Orc:2        Vaults (0/5) D:13
 Depths: D:15

Altars:
Ashenzari
Cheibriados
Dithmenos
Elyvilon
Fedhas
Gozag
Hepliaklqana
Kikubaaqudgha
Makhleb
Nemelex Xobeh
Okawaru
Qazlal
Sif Muna
Trog
Uskayaw
Wu Jian
Xom
Yredelemnul
Zin
The Shining One
Jiyva

Shops:
D:2 (   D:10 =   D:11 [   Orc:2 !*?([   Elf:1 *

Annotations:
D:6 exclusion: upstairs
D:9 exclusion: downstairs
D:13 Frances; Rupert
D:14 3 runed translucent doors, exclusions: downstairs and upstairs, ho4mwr's ghost, journeyman HOFi
Lair:5 1 runed translucent door
Orc:1 1 runed translucent door, Enim's ghost, journeyman DjFE


Innate Abilities, Weirdness & Mutations

Your serpentine skin is tough. (AC +5)
You have supernaturally acute eyesight. (SInv)
Armour fits poorly on your strangely shaped body.
Your system is resistant to poisons. (rPois)
You cover ground very slowly.
You can spit poison.
You can use your snake-like lower body to constrict enemies.


Message History

The deep elf knight is heavily wounded.
The deep elf knight is struck by an arc of lightning.
The deep elf knight is severely wounded.
The lightning grounds out.
The deep elf knight is struck by an arc of lightning!
The deep elf knight is almost dead.
The deep elf knight is struck by an arc of lightning.
The deep elf knight is heavily wounded.
The deep elf knight is struck by an arc of lightning.
The deep elf knight is almost dead.
You are struck by an arc of lightning.
The deep elf knight is struck by an arc of lightning.
The deep elf knight is heavily wounded.
The lightning grounds out.
The deep elf knight casts a spell at you.
The shard of ice misses you.
The deep elf zephyrmancer gestures wildly while chanting.
The deep elf zephyrmancer blinks!
The deep elf knight gestures at you while chanting.
The lance of force misses you.
The lance of force hits the deep elf knight!!
The deep elf knight dies!
The deep elf knight casts a spell at you.
The shard of ice hits you!!
* * * LOW HITPOINT WARNING * * *
Unknown command. [a] - 408 gold - lignification, might and resistance [b] - 294 gold - haste and brilliance [c] - 624 gold - resistance, might and haste Purchase which effect?
You no longer have enough gold to bribe branches to halt enemies' attacks and recruit allies.
You feel protected.
You feel very mighty all of a sudden.
You feel yourself speed up.
The deep elf knight gestures at you while chanting.
The lance of force hits you!
* * * LOW HITPOINT WARNING * * *
You are knocked back by the lance of force.
You slam into the metal wall!
You die...
Your body crumbles into a pile of gold.

.........# ........#
.......# ......# .....
.$. #### ##e##### ##...
#e.$...# #####....
..#####.@###.####.##.....
........## #.......'.....
'######'## #.####.##.....
.. #.....# #.# #.#.....#
...#.....###.####.#......
.........##.......#......
.........'..####..+......
.........#### ####......
########## #######


You could see 2 deep elf knights.

Vanquished Creatures
  2 orc warlords (Orc:2)
  Snorg (D:10)
  An ettin (Orc:1)
  An ice dragon (D:13)
  3 vault guards (D:13)
  3 hydras
  2 catoblepae (Lair:5)
  3 two-headed ogres
  5 centaur warriors
  3 dancing weapons
  A death knight (D:14)
  A boulder beetle (Lair:1)
  3 death yaks (Lair:4)
  4 orc high priests
  A tengu warrior (D:14)
  A deep elf knight (Elf:1)
  Nergalle (Lair:1)
  A skyshark (Lair:5)
  Sonja (Lair:1)
  A fire crab (shapeshifter) (Elf:1)
  A skeletal warrior (D:14)
  2 deep elf archers (Elf:1)
  Pikel (D:6)
  5 deep elf pyromancers
  3 deep elf zephyrmancers (Elf:1)
  3 manticores
  An ugly thing (D:13)
  2 orc sorcerers
  3 cyclopes
  A black mamba (Lair:5)
  2 torpor snails
  2 gargoyles
  13 elephants
  4 cane toads
  A cane toad (shapeshifter) (Elf:1)
  3 rime drakes
  An unseen horror (D:12)
  4 komodo dragons
  An unseen horror (shapeshifter) (D:13)
  2 kobold demonologists (D:11)
  A tengu conjurer (D:14)
  3 freezing wraiths (D:13)
  A polar bear (Lair:4)
  6 trolls
  A hornet (shapeshifter) (Elf:1)
  14 blink frogs
  5 slime creatures (D:14)
  2 air elementals
  2 centaur simulacra (D:13)
  A vampire (D:10)
  2 wyverns
  3 water elementals (Elf:1)
  4 fire bats (D:9)
  A wraith (D:11)
  36 yaks
  A yak (shapeshifter) (Elf:1)
  2 shadows (D:11)
  A spriggan (shapeshifter) (Elf:1)
  5 humans (D:13)
  3 basilisks
  A redback (shapeshifter) (Elf:1)
  A steam dragon (D:8)
  6 vampire mosquitoes
  4 wargs
  3 nagas (Lair:2)
  A hell hound (D:9)
  2 acid dragons
  15 water moccasins
  An ice beast (D:8)
  46 orc warriors
  A sky beast (D:3)
  7 black bears
  5 ogres
  2 centaurs (D:9)
  4 kobold brigands
  5 gnoll sergeants
  13 bullfrogs
  2 scorpions
  An earth elemental (Elf:1)
  13 wights
  14 killer bees
  4 electric eels
  2 howler monkeys
  2 lava snakes (D:9)
  18 orc priests
  2 gnoll boudas
  7 hounds
  3 jellies
  6 iguanas
  25 orc wizards
  6 hell rats (Lair:3)
  A boggart simulacrum (D:13)
  30 gnolls
  15 adders
  3 shadow imps
  14 white imps
  2 ufetubi (D:4)
  2 worms
  2 dart slugs
  86 orcs
  5 bats
  7 endoplasms
  5 giant cockroaches
  12 goblins
  12 hobgoblins
  7 jackals
  2 quokkas
  9 ball pythons
  3 frilled lizards
  11 kobolds
  9 rats
  3 fire vortices (D:9)
650 creatures vanquished.

Vanquished Creatures (others)
  2 vault guards (D:13)
  A deep elf knight (Elf:1)
  2 humans (D:13)
  77 fungi
  93 plants
  18 withered plants
193 creatures vanquished.

Grand Total: 843 creatures vanquished

Notes
Turn   | Place    | Note
-------+----------+-------------------------------------------
     0 | D:1      | 112233 the Naga Air Elementalist began the quest for the
                  | Orb.
     0 | D:1      | Reached XP level 1. HP: 15/15 MP: 3/3
   109 | D:1      | Reached XP level 2. HP: 15/22 MP: 1/5
   363 | D:1      | You fall into a shaft and drop 1 floor!
   522 | D:2      | Found a faded altar of an unknown god.
   709 | D:2      | Reached XP level 3. HP: 22/28 MP: 0/7
   712 | D:2      | Learned a level 2 spell: Static Discharge
  1787 | D:2      | Reached XP level 4. HP: 23/36 MP: 1/10
  2082 | D:2      | Found Duemurhu's Weapon Shop.
  2663 | D:3      | Reached skill level 1 in Fighting
  2663 | D:3      | Reached XP level 5. HP: 44/44 MP: 5/11
  3078 | D:3      | Found an iron altar of Okawaru.
  3526 | D:3      | Noticed a sky beast
  3540 | D:3      | Killed a sky beast
  3541 | D:3      | Reached XP level 6. HP: 45/52 MP: 12/12
  3850 | D:4      | Noticed a black bear
  3864 | D:4      | Killed a black bear
  4271 | D:4      | Found an ancient bone altar of Kikubaaqudgha.
  4768 | D:4      | Identified the +2 dagger of the Solstice {vamp, rC+}
  4899 | D:4      | Reached XP level 7. HP: 52/61 MP: 14/14
  5071 | D:5      | Entered Level 5 of the Dungeon
  5082 | D:5      | Learned a level 4 spell: Airstrike
  5086 | D:5      | Learned a level 3 spell: Swiftness
  5178 | D:5      | Reached skill level 5 in Spellcasting
  5456 | D:5      | Found a snail-covered altar of Cheibriados.
  5812 | D:6      | Reached XP level 8. HP: 65/72 MP: 15/15
  5962 | D:6      | Reached skill level 5 in Air Magic
  7058 | D:6      | Found a hide-covered altar of Uskayaw.
  7439 | D:5      | Noticed Pikel
  7445 | D:6      | Killed Pikel
  7446 | D:6      | Reached skill level 5 in Fighting
  7446 | D:6      | Reached XP level 9. HP: 74/81 MP: 10/18
  7612 | D:5      | Identified the +8 mace "Dutu" {freeze, Fly rF+++ Will+++
                  | Str-4}
  8131 | D:5      | Reached skill level 5 in Dodging
  8423 | D:5      | Learned a level 2 spell: Passwall
  9529 | D:7      | Found a basalt altar of Yredelemnul.
  9530 | D:7      | Found a hazy altar of Hepliaklqana.
  9775 | D:7      | Noticed a troll
  9776 | D:7      | Noticed a deep elf pyromancer
  9982 | D:7      | Found a staircase to the Ecumenical Temple.
 10002 | Temple   | Entered the Ecumenical Temple
 10109 | Temple   | Became a worshipper of Gozag Ym Sagoz the Greedy
 10788 | D:8      | Reached XP level 10. HP: 88/88 MP: 2/20
 11181 | D:8      | Found a white marble altar of Elyvilon.
 12429 | D:9      | Found a blossoming altar of Fedhas.
 14209 | D:10     | Entered Level 10 of the Dungeon
 14457 | D:10     | Found Laarhuzo's Jewellery Boutique.
 14500 | D:10     | Noticed a two-headed ogre
 14955 | D:10     | Killed a two-headed ogre
 14956 | D:10     | Reached XP level 11. HP: 103/103 MP: 16/23
 15071 | D:10     | Found a glowing golden altar of the Shining One.
 15148 | D:10     | Noticed Snorg
 15158 | D:10     | Killed Snorg
 15489 | D:10     | Found a shimmering blue altar of Sif Muna.
 16243 | D:11     | Noticed a cyclops
 16246 | D:11     | Killed a cyclops
 16251 | D:11     | Noticed a manticore
 16276 | D:11     | Killed a manticore
 16732 | D:11     | Noticed a soul eater
 17691 | D:11     | Found a staircase to the Lair.
 17926 | D:11     | Noticed a manticore
 17938 | D:11     | Killed a manticore
 18002 | D:11     | Found a staircase to the Orcish Mines.
 18613 | D:11     | Found Pitopiep's Antique Armour Emporium.
 18622 | D:11     | Bought a pair of embroidered gloves for 210 gold pieces
 19313 | D:12     | Reached XP level 12. HP: 112/114 MP: 21/25
 19934 | D:13     | Reached skill level 10 in Air Magic
 20071 | D:13     | Noticed a centaur warrior
 20118 | D:13     | Noticed a vault guard
 20120 | D:13     | Noticed a vault guard
 20121 | D:13     | Noticed a vault guard
 20136 | D:13     | Killed a centaur warrior
 20554 | D:13     | Noticed a centaur warrior
 20559 | D:13     | Killed a centaur warrior
 20911 | D:13     | Noticed an ice dragon
 20989 | D:13     | Killed a vault guard
 21145 | Orc:1    | Entered Level 1 of the Orcish Mines
 21239 | Orc:2    | Entered Level 2 of the Orcish Mines
 22000 | Orc:2    | Reached skill level 10 in Spellcasting
 22250 | Orc:2    | Noticed an orc warlord
 22368 | Lair:1   | Entered Level 1 of the Lair of Beasts
 22377 | Lair:1   | Noticed a boulder beetle
 22399 | Lair:1   | Killed a boulder beetle
 22400 | Lair:1   | Reached skill level 10 in Fighting
 22556 | Lair:1   | Noticed Nergalle
 22559 | Lair:1   | Killed Nergalle
 23674 | Lair:1   | Found a snail-covered altar of Cheibriados.
 24000 | Lair:1   | Noticed Sonja
 24005 | Lair:1   | Killed Sonja
 24441 | Lair:2   | Noticed a seven-headed hydra
 24483 | Lair:2   | Killed a seven-headed hydra
 24484 | Lair:2   | Gained mutation: You can use your snake-like lower body to
                  | constrict enemies. [Naga growth]
 24484 | Lair:2   | Reached XP level 13. HP: 124/124 MP: 2/27
 24921 | Lair:2   | Found a staircase to the Snake Pit.
 26308 | Lair:3   | Identified the +6 plate armour "Anoug" {Dex+2 Slay+3}
 26517 | Lair:3   | Found a staircase to the Swamp.
 30229 | Lair:5   | Entered Level 5 of the Lair of Beasts
 30237 | Lair:5   | Reached skill level 10 in Dodging
 31237 | Lair:5   | Found a runed translucent door.
 31238 | Lair:5   | Found a viscous altar of Jiyva.
 31245 | Lair:5   | Found a staircase to the Slime Pits.
 31883 | Lair:5   | Reached XP level 14. HP: 136/136 MP: 17/29
 32662 | Lair:5   | Noticed a dire elephant
 32662 | Lair:5   | Noticed a dire elephant
 32663 | Lair:5   | Noticed a dire elephant
 32664 | Lair:5   | Identified the +1 robe of Pozutep {rF+ Will+ Str-4 Stlth+}
 33647 | Orc:1    | Found a runed translucent door.
 33648 | Orc:1    | Noticed Enim's ghost (journeyman DjFE)
 33883 | Orc:2    | Killed an orc warlord
 34159 | Orc:2    | Found a staircase to the Elven Halls.
 36246 | Orc:2    | Found Biuv's Magic Scroll Emporium.
 36257 | Orc:2    | Bought 3 scrolls of fear for 156 gold pieces
 36257 | Orc:2    | Bought a scroll of teleportation for 39 gold pieces
 36257 | Orc:2    | Bought a scroll of summoning for 123 gold pieces
 36257 | Orc:2    | Bought a scroll of amnesia for 52 gold pieces
 36257 | Orc:2    | Bought a scroll of noise for 13 gold pieces
 36267 | Orc:2    | Found Orouduk's General Store.
 36271 | Orc:2    | Found Cain's Specific Store.
 36275 | Orc:2    | Bought a scroll of teleportation for 39 gold pieces
 36279 | Orc:2    | Bought a scroll of magic mapping for 112 gold pieces
 36279 | Orc:2    | Bought a potion of mutation for 120 gold pieces
 36279 | Orc:2    | Bought a scroll of summoning for 142 gold pieces
 36279 | Orc:2    | Bought a scroll of fear for 60 gold pieces
 36501 | Orc:2    | Found Vamuc Iveh's Distillery.
 36506 | Orc:2    | Bought a potion of heal wounds for 80 gold pieces
 36506 | Orc:2    | Bought a potion of degeneration for 16 gold pieces
 36506 | Orc:2    | Bought a potion of curing for 48 gold pieces
 37798 | Orc:2    | Noticed an orc warlord
 37813 | Orc:2    | Killed an orc warlord
 38106 | Orc:2    | Found Vuqumergh's Antique Armour Emporium.
 38109 | Orc:2    | Found Requalic's Antique Weapon Shoppe.
 38119 | Orc:2    | Bought a slimy robe for 165 gold pieces
 38119 | Orc:2    | Identified the +0 robe "Oriungo" {Rampage rN+} (You bought
                  | it in a shop on level 2 of the Orcish Mines)
 38119 | Orc:2    | Bought an embroidered robe for 107 gold pieces
 38144 | Orc:2    | Bought a buzzing quarterstaff for 270 gold pieces
 38144 | Orc:2    | Identified the +2 quarterstaff "Tesostra" {heavy, rF+ Str+5
                  | Dex-4} (You bought it in a shop on level 2 of the Orcish
                  | Mines)
 40218 | D:13     | Noticed Frances
 40921 | D:13     | Found a gate to the Vaults.
 41040 | D:13     | Upgraded the game from 0.30-a0-860-g512cf1e979 to
                  | 0.30-a0-862-g1aabd4f9c5
 41528 | D:13     | Noticed Rupert
 41548 | D:13     | Paralysed by Rupert for 3 turns
 41553 | D:14     | Found a blossoming altar of Fedhas.
 42040 | D:14     | Found a runed translucent gate.
 42040 | D:14     | Found a runed translucent gate.
 42040 | D:14     | Found a runed translucent gate.
 42041 | D:14     | Found an ancient bone altar of Kikubaaqudgha.
 42041 | D:14     | Noticed a lich
 42041 | D:14     | Noticed ho4mwr's ghost (journeyman HOFi)
 42041 | D:14     | Noticed a lich
 42041 | D:14     | Noticed a lich
 42041 | D:14     | Noticed a lich
 43075 | D:15     | Entered Level 15 of the Dungeon
 43280 | D:14     | Reached XP level 15. HP: 139/147 MP: 9/31
 44163 | Elf:1    | Entered Level 1 of the Elven Halls
 44170 | Elf:1    | Paralysed by an air elemental for 1 turns
 45223 | Elf:1    | Paralysed by an air elemental for 1 turns
 45230 | Elf:1    | Paralysed by an air elemental for 1 turns
 45235 | Elf:1    | Paralysed by an air elemental for 1 turns
 45240 | Elf:1    | Paralysed by an air elemental for 1 turns
 45914 | Elf:1    | Found Afelen's Assorted Antiques.
 45927 | Elf:1    | Bought a scroll of fog for 124 gold pieces
 45927 | Elf:1    | Bought 2 murky coppery potions for 55 gold pieces
 45927 | Elf:1    | Bought a scroll of fog for 124 gold pieces
 45927 | Elf:1    | Bought a wand of mindburst (7) for 303 gold pieces
 46538 | Elf:1    | Got Ecveudu's Tome of Configuration
 46547 | Elf:1    | Learned a level 7 spell: Storm Form
 46548 | Elf:1    | Got the Papyrus of the Traveller
 46560 | Elf:1    | Got the Volume of Hyperthermia
 46684 | Elf:1    | HP: 7/148 [deep elf knight/lance of force (10)]
 46684 | Elf:1    | Collided with a metal wall

Illustrated notes

Levels and vault maps discovered:
D:1:      tekkud_arrival_beachfront_property, layout_basic, serial_forest,
          infiniplex_forest_corner_2, infiniplex_forest_side_room,
          infiniplex_forest_clump_small, infiniplex_forest_straight_4,
          infiniplex_forest_straight_5, infiniplex_forest_lined_room_3,
          infiniplex_forest_end_3, infiniplex_forest_join, minmay_hexomino_p4
D:2:      cheibrodos_greedy_goblins, layout_loops_corners, serial_shops,
          nicolae_shop_crystal, shapermc_ecumenical_altar_totnotflames,
          minmay_ruptured
D:3:      layout_loops_ring, okawaru_metal_pillars_1_2, minmay_divided_ellipse
D:4:      layout_loops_corners, kiku_gazebo_garden_becter
D:5:      layout_basic, mainiacjoe_overflow_surrounded_room, st_stairs_2,
          minivault_24, uniq_pikel
D:6:      layout_basic, mainiacjoe_overflow_alcove_2,
          nicolae_figureground_sparkle
D:7:      layout_rooms, nicolae_overflow_squiral,
          minmay_temple_entry_proselytizer, chequers_ossuary_entry_cave,
          nicolae_kite_square_tiling_tiny, lightli_corner_chamber
D:8:      layout_loops_ring, overflow_temple_1_default
D:9:      layout_layer_cave, amcnicky_altar_gilded, hangedman_incinerator
D:10:     layout_cave_pods, tso_oasis_becter, tgw_sif,
          minmay_shop_enchanted_jewellery, uniq_snorg
D:11:     layout_basic, due_lair_maze_entry_diamond, orc_0_dummy, serial_shops,
          nicolae_lakefront_shop
D:12:     layout_cave_pools
D:13:     minmay_coctagon, layout_loops_ring, ximxim_vaults_locker_room,
          uniq_frances, uniq_rupert
D:14:     layout_stronghold, gammafunk_ghost_crypt, fedhas_altar_3
D:15:     grunt_enter_depths_snipers, layout_stronghold, glass_columns_a,
          minmay_stone_trees_small
Temple:   hellmonk_temple_flake
Lair:1:   layout_chaotic_city, basic_altar, beast_lair_carwin_3, uniq_sonja,
          uniq_nergalle
Lair:2:   layout_hall_layers, minmay_snake_entry_guardpost_small
Lair:3:   layout_long_grid, minmay_swamp_entry_swarm,
          portal_ice_cave_entry_imps, serial_bayou_shore_a
Lair:4:   layout_roguey
Lair:5:   due_jungle_book, layout_misc_corridors, slime_entry_2,
          gauntlet_entry_generic
Orc:1:    layout_caves, gammafunk_ghost_grave
Orc:2:    grunt_orc_community_town_hall, layout_caves,
          grunt_orc_community_big_house_2, grunt_orc_community_big_house_2,
          grunt_orc_community_house_1, grunt_orc_community_house_2,
          grunt_orc_community_house_2, grunt_orc_community_house_1, basic_altar,
          nicolae_specific_store
Elf:1:    eino_elf_arrival_shootout, layout_gridlike, serial_shops,
          shop_fountains, minmay_elf_sorcery, nicolae_elf_w_pinch,
          nicolae_elf_shapeshifter_party

Skill      XL: |  1  2  3  4  5  6  7  8  9 10 11 12 13 14 15 |
---------------+----------------------------------------------+-----
Spellcasting   | 3 4 5 6 7 8 9 10 11 12 13 | 13.0
Fighting       | 1 2 3 5 6 8 9 10 11 13 | 13.5
Dodging        | 2 3 4 5 7 8 9 10 11 | 11.6
Air Magic      | 4 6 7 8 9 11 12 13 | 13.8
Stealth        | |  3.0
Conjurations   | |  1.0
Transmutations | |  0.6

Action                     |  1- 3 |  4- 6 |  7- 9 | 10-12 | 13-15 || total
---------------------------+-------+-------+-------+-------+-------++-------
  Melee: Unarmed           |     5 |       |       |       |       ||     5
         Battleaxe         |    14 |     4 |       |       |       ||    18
         Hand axe          |       |    13 |    21 |       |       ||    34
         Mace              |       |       |    11 |    69 |   129 ||   209
         Punch             |       |       |       |     1 |     4 ||     5
         Constrict         |       |       |       |       |    30 ||    30
   Cast: Shock             |    61 |   101 |    80 |     4 |     4 ||   250
         Static Discharge  |     2 |    14 |    20 |     4 |    19 ||    59
         Airstrike         |       |       |   115 |   390 |   702 ||  1207
         Passwall          |       |       |       |       |     1 ||     1
 Invoke: Potion Petition   |       |       |     1 |       |     3 ||     4
Ability: Spit Poison       |     7 |     2 |       |     4 |     2 ||    15
  Evoke: Wand              |       |       |     2 |    21 |    21 ||    44
         Tin of tremorston |       |       |       |       |     4 ||     4
         Lightning rod     |       |       |       |       |     4 ||     4
    Use: Scroll            |       |       |     6 |     8 |    14 ||    28
         Potion            |       |       |     6 |       |     4 ||    10
   Stab: Sleeping          |     1 |       |       |       |       ||     1
         Paralysed         |       |       |       |    12 |       ||    12
         Distracted        |       |       |       |       |     2 ||     2
 Armour: Robe              |    14 |    60 |    55 |    71 |   116 ||   316
  Dodge: Dodged            |    18 |    41 |    84 |   175 |   351 ||   669

Table legend: (Time is in decaauts)
 A = Elapsed time spent in this place.
 B = Non-inter-level travel time spent in this place.
 C = Inter-level travel time spent in this place.
 D = Time resting spent in this place.
 E = Time spent auto-exploring this place.
 F = Levels seen in this place.
 G = Mean time per level.
                   A        B        C        D        E       F      G
               +--------+--------+--------+--------+--------+-----+--------+
         Total |  53438 |  51300 |   2138 |  15938 |  30624 |  24 | 2226.6 |
       Dungeon |  30046 |  28897 |   1149 |   6788 |  19618 |  15 | 2003.1 |
        Temple |    165 |    133 |     32 |      0 |    116 |   1 |  165.0 |
          Lair |  12813 |  12244 |    569 |   3351 |   7862 |   5 | 2562.6 |
  Orcish Mines |   8514 |   8208 |    306 |   4974 |   2348 |   2 | 4257.0 |
   Elven Halls |   1899 |   1818 |     81 |    824 |    678 |   1 | 1899.0 |
               +--------+--------+--------+--------+--------+-----+--------+

Top non-repeatable levels by time:
   Orc:2: 5087 daAuts
   Orc:1: 3427 daAuts
    D:13: 3340 daAuts
  Lair:4: 3194 daAuts
    D:11: 3135 daAuts
     D:9: 2709 daAuts
  Lair:3: 2704 daAuts
    D:14: 2631 daAuts
     D:6: 2510 daAuts
  Lair:5: 2491 daAuts
    D:10: 2464 daAuts
  Lair:1: 2245 daAuts
  Lair:2: 2176 daAuts
     D:7: 1996 daAuts
   Elf:1: 1899 daAuts
